 Dungeon Crawl Stone Soup version 0.23-a0-8-gb809bb7 (webtiles) character file.

40 galech the Covered (level 3, -4/33 HPs)
             Began as a Minotaur Fighter on Aug 1, 2018.
             Slain by a gnoll
             ... wielding a +0 halberd
              (6 damage)
             ... on level 2 of the Dungeon.
             The game lasted 00:02:42 (700 turns).

galech the Covered (Minotaur Fighter)                Turns: 700, Time: 00:02:43

Health: -4/33      AC:  5    Str: 20    XL:     3   Next: 30%
Magic:  2/2        EV:  8    Int:  5    God:
Gold:   30         SH:  9    Dex: 10    Spells: 2/2 levels left

rFire    . . .     SeeInvis .   a - +0 war axe
rCold    . . .     Gourm    .   c - +0 shield
rNeg     . . .     Faith    .   h - +0 ring mail (curse)
rPois    .         Spirit   .   (helmet restricted)
rElec    .         Reflect  .   (no cloak)
rCorr    .         Harm     .   (no gloves)
MR       .....                  (no boots)
Stlth    ..........             (no amulet)
HPRegen  0.11/turn              (no ring)
MPRegen  0.08/turn              (no ring)

@: no status effects
A: retaliatory headbutt, horns 2
a: no special abilities


You were on level 2 of the Dungeon.
You were not hungry.

You visited 1 branch of the dungeon, and saw 2 of its levels.

You collected 30 gold pieces.

Inventory:

Hand Weapons
 a - a +0 war axe (weapon)
Armour
 b - a +0 scale mail
 c - a +0 shield (worn)
 h - a cursed +0 ring mail (worn)
Scrolls
 e - 2 scrolls of immolation {unknown}
 g - a scroll of blinking {unknown}
 k - a scroll of identify {unknown}
 l - 3 scrolls of teleportation {unknown}
Potions
 d - a potion of might
 i - 2 potions of brilliance {unknown}
 m - a potion of mutation {unknown}
 n - a potion of lignification {unknown}
 o - a potion of invisibility {unknown}
Comestibles
 f - 3 rations
 j - 6 chunks of flesh


   Skills:
 + Level 4.2 Fighting
 + Level 2.8 Axes
 + Level 4.3 Armour
 + Level 4.0 Shields


You had 2 spell levels left.
You didn't know any spells.
Your spell library was empty.

Dungeon Overview and Level Annotations

Branches:
Dungeon (2/15)

Altars:


Innate Abilities, Weirdness & Mutations

You reflexively headbutt those who attack you in melee.
You have a pair of horns on your head.


Message History

You are too injured to fight recklessly!
You are too injured to fight recklessly!
You are too injured to fight recklessly!
You are too injured to fight recklessly!
You are too injured to fight recklessly!
You are too injured to fight recklessly!
You are too injured to fight recklessly!
You are too injured to fight recklessly!
You are too injured to fight recklessly!
You are too injured to fight recklessly!
You are too injured to fight recklessly!
You are too injured to fight recklessly!
You closely miss the gnoll.
The gnoll is severely wounded.
You hit the gnoll. You block the gnoll's attack.
The gnoll hits you with a halberd!
* * * LOW HITPOINT WARNING * * *
You block the gnoll's attack.
The gnoll hits you from afar with a halberd.
You die...

#...# #...##### #.......#
#.......######## #
#..............# .#
#...#..........# .?#
#...#..........######...#
#...+..........'.........
#...#..........#@........
###.#..........#..g......
#.#..........#.)g......
#.#..........#.........
#>.....................
#.############.........
#.# #......... #.#
#.?....... #.######
#.........


You could see 2 gnolls.

Vanquished Creatures
  A gnoll (D:2)
  2 worms (D:2)
  A dart slug (D:1)
  2 bats (D:1)
  A giant cockroach (D:1)
  A goblin (D:1)
  A hobgoblin (D:1)
  7 jackals
  3 kobolds (D:1)
  A rat (D:1)
20 creatures vanquished.

Notes
Turn   | Place    | Note
-------+----------+-------------------------------------------
     0 | D:1      | galech the Minotaur Fighter began the quest for the Orb.
     0 | D:1      | Reached XP level 1. HP: 19/19 MP: 0/0
   232 | D:1      | Reached XP level 2. HP: 26/27 MP: 1/1
   663 | D:2      | Reached XP level 3. HP: 28/33 MP: 2/2
   700 | D:2      | Slain by a gnoll

Vault maps used:
D:1:      evilmike_arrival_crescent

Skill      XL: |  1  2 |
---------------+-------+-----
Shields        | 4 |  4.0
Fighting       | 4 |  4.2
Armour         | 4 |  4.3
Axes           | |  2.8

Action                   || total
-------------------------++-------
Melee: War axe           ||    59
       Headbutt          ||     7
Armor: Ring mail         ||    20
Dodge: Dodged            ||    21
Block: Shield            ||    21

Table legend:
 A = Spawn XP
 B = Non-spawn XP
 C = Spawn XP percentage of total XP
 D = Spawn monster count
 E = Non-spawn monster count
 F = Spawn count percentage of total count
 G = Total turns spent on level
                    A         B        C        D         E        F      G
               +---------+---------+-------+---------+---------+-------+---------
         Total |       0 |      58 |   0.0 |       0 |      20 |   0.0 |   700
               +---------+---------+-------+---------+---------+-------+---------
           D:1 |       0 |      25 |   0.0 |       0 |      13 |   0.0 |   596
           D:2 |       0 |      33 |   0.0 |       0 |       7 |   0.0 |   104
               +---------+---------+-------+---------+---------+-------+---------
